 Dungeon Crawl Stone Soup version 0.23.2-1-ga50397a (webtiles) character file.

Game seed: 13866660128208486353

67 XPEneeg3 the Skirmisher (level 4, -1/41 HPs)
             Began as a Hill Orc Fighter on May 18, 2019.
             Slain by a gnoll
             ... wielding a +0 halberd
              (5 damage)
             ... on level 2 of the Dungeon.
             The game lasted 00:03:03 (1448 turns).

XPEneeg3 the Skirmisher (Hill Orc Fighter)          Turns: 1448, Time: 00:03:04

Health: -1/41      AC:  6    Str: 19    XL:     4   Next: 18%
Magic:  4/4        EV:  7    Int:  8    God:
Gold:   58         SH:  9    Dex: 10    Spells: 3/3 levels left

rFire    . . .     SeeInvis .   a - +0 war axe
rCold    . . .     Gourm    .   c - +0 shield
rNeg     . . .     Faith    .   b - +0 scale mail
rPois    .         Spirit   .   (no helmet)
rElec    .         Reflect  .   (no cloak)
rCorr    .         Harm     .   (no gloves)
MR       .....                  (no boots)
Stlth    ..........             (no amulet)
HPRegen  0.13/turn              (no ring)
MPRegen  0.09/turn              (no ring)

@: drained
A: no striking features
a: no special abilities


You were on level 2 of the Dungeon.
You were hungry.

You visited 1 branch of the dungeon, and saw 3 of its levels.

You collected 58 gold pieces.

Inventory:

Hand Weapons
 a - a +0 war axe (weapon)
 n - a +1 flail of draining
Missiles
 k - 2 throwing nets (quivered)
Armour
 b - a +0 scale mail (worn)
 c - a +0 shield (worn)
Scrolls
 e - 2 scrolls of enchant weapon {unknown}
 h - a scroll of remove curse {unknown}
 l - a scroll of teleportation {unknown}
Potions
 d - a potion of might
 g - a potion of degeneration {unknown}
 i - a potion of lignification {unknown}
 j - 2 potions of brilliance {unknown}
 o - a potion of ambrosia {unknown}
Comestibles
 f - 2 rations


   Skills:
 + Level 4.4(3.6) Fighting
 + Level 3.6(2.8) Axes
 + Level 3.9(3.1) Armour
 + Level 3.9(3.1) Shields


You had 3 spell levels left.
You didn't know any spells.
Your spell library was empty.

Dungeon Overview and Level Annotations

Branches:
Dungeon (3/15)

Altars:
Okawaru


Message History

There is a stone staircase leading down, spattered with blood here.
You take 14 damage, and have 27/41 hp.
MASSIVE DAMAGE!!
You block the gnoll's attack. The gnoll hits you with a +0 halberd!
You take 7 damage, and have 20/41 hp.
Your shield and scale mail prevent you from hitting the gnoll.
The gnoll barely misses you. You block the gnoll's attack.
You slash the gnoll!
The gnoll is severely wounded.
The gnoll hits you from afar with a +0 halberd!
* * * LOW HITPOINT WARNING * * *
The gnoll hits you with a +0 halberd.
* * * LOW HITPOINT WARNING * * *
You take 10 damage, and have 10/41 hp.
MASSIVE DAMAGE!!
You slash the gnoll!
You kill the gnoll!
The gnoll hits you from afar with a +0 halberd.
* * * LOW HITPOINT WARNING * * *
You take 6 damage, and have 4/41 hp.
The gnoll hits you with a +0 halberd.
You die...

.....#..#####. ###
.......#..####.
................##. .
...######.....##. ..###
####'#..........##.
.....####...............###
........................###
...................##+#....
.........g@........##.#..##
.##.....###>#.....#..#..#
#.....###.#...........#
#.....##...###.##.###'##
#......#...# #.##.#.....
........#...# #.##.#.....
.........#...# #.##.#.....
..........#...# #.##.###'##
.......####...# #.##.###.#


You could see a gnoll.

Vanquished Creatures
  3 gnolls
  2 leopard geckos
  A ball python (D:1)
  A giant cockroach (D:1)
  7 goblins
  4 hobgoblins
  3 bats
  4 frilled lizards
  4 kobolds
  7 rats (D:1)
36 creatures vanquished.

Notes
Turn   | Place    | Note
-------+----------+-------------------------------------------
     0 | D:1      | XPEneeg3 the Hill Orc Fighter began the quest for the Orb.
     0 | D:1      | Reached XP level 1. HP: 19/19 MP: 1/1
    77 | D:1      | Reached XP level 2. HP: 27/27 MP: 2/2
   218 | D:1      | Reached skill level 4 in Fighting
   224 | D:1      | Reached XP level 3. HP: 22/33 MP: 3/3
   861 | D:2      | Found an iron altar of Okawaru.
  1183 | D:3      | Reached XP level 4. HP: 7/41 MP: 4/4
  1448 | D:2      | Slain by a gnoll

Skill      XL: |  1  2 |
---------------+-------+-----
Axes           | 3 |  3.6
Fighting       | 4 |  4.4
Armour         | |  3.9
Shields        | |  3.9

Action                   |  1- 3 |  4- 6 || total
-------------------------+-------+-------++-------
Melee: War axe           |   118 |     3 ||   121
  Eat: Chunk             |     1 |       ||     1
Armor: Scale mail        |    54 |       ||    54
Dodge: Dodged            |    51 |     1 ||    52
Block: Shield            |    73 |     2 ||    75
